Map: Catalyst LE

Players

TRUE - Winner!

  • Race: Zerg Zerg
  • Spawn Location: 11:00

Scarlett

  • Race: Zerg Zerg
  • Spawn Location: 5:00

Event: IEM Season 12 - Katowice

VOD

Have the link to the VOD?

Description

Time

  • Played on: Feb. 26, 2018, 2:27 p.m.
  • Length: 12:56

All games in this series

Show
View Real Time Build Order
Export as new Build Order

TRUE Zerg - Winner!

Build Orders: Hatch First, Zergling Baneling 

Get SALT Encoding   

  12  0:00  Drone  
  13  0:13  Overlord  
  13  0:17  Drone  
  14  0:32  Drone x2  
  14  0:35  Drone  
  17  0:52  Hatchery  
  17  0:55  Drone  
  17  0:57  Drone  
  18  1:05  Extractor  
  17  1:13  Spawning Pool  
  17  1:16  Drone  
  17  1:19  Drone  
  18  1:28  Drone  
  19  1:42  Overlord  
  19  1:52  Drone  
  20  1:59  Queen  
  22  2:02  Zergling x2  
  22  2:03  Queen  
  22  2:04  Metabolic Boost  
  22  2:07  Drone  
  26  2:12  Drone  
  26  2:15  Drone  
  28  2:22  Drone  
  29  2:25  Drone  
  30  2:31  Spore Crawler  
  30  2:35  Drone  
  31  2:37  Drone  
  32  2:48  Drone, Hatchery  
  32  2:52  Baneling Nest  
  31  2:59  Zergling x6  
  34  3:07  Overlord  
  34  3:09  Zergling x4  
  36  3:26  Zergling x12  
  42  3:36  Baneling x2  
  42  3:37  Zergling x2  
  42  3:38  Zergling x2  
  44  3:45  Overlord  
  44  3:47  Baneling  
  44  3:48  Baneling  
  44  3:57  Baneling x2  
  43  4:07  Zergling x14  
  45  4:11  Zergling x2  
  45  4:13  Zergling x8  
  45  4:15  Baneling  
  45  4:16  Baneling, Zergling x2  
  49  4:17  Zergling x2  
  49  4:18  Zergling x2  
  49  4:21  Drone  
  49  4:22  Drone  
  51  4:25  Drone  
  52  4:31  Baneling x2  
  51  4:38  Drone x2  
  51  4:39  Drone  
  51  4:41  Baneling x2  
  53  4:49  Zergling x6  
  53  4:50  Zergling x2  
  53  4:51  Zergling x8  
  53  4:52  Zergling x2  
  55  4:54  Zergling x2  
  55  4:58  Zergling x2  
  50  5:03  Zergling x2  
  50  5:05  Queen  
  50  5:06  Zergling x4  
  53  5:10  Zergling x2  
  53  5:23  Drone x2  
  53  5:24  Drone, Roach Warren, Extractor  
  53  5:25  Baneling x2  
  53  5:27  Drone  
  53  5:28  Drone  
  56  5:32  Drone  
  56  5:33  Evolution Chamber  
  56  5:35  Baneling  
  56  5:36  Drone x2, Baneling  
  56  5:40  Overlord  
  58  5:45  Overlord  
  58  5:55  Drone  
  58  5:57  Overlord  
  58  6:00  Drone  
  58  6:01  Zerg Missile Weapons Level 1  
  58  6:03  Drone x5  
  64  6:08  Lair  
  62  6:13  Baneling  
  62  6:14  Baneling  
  62  6:15  Drone x3  
  62  6:17  Drone  
  66  6:18  Drone  
  66  6:19  Extractor  
  66  6:21  Drone x2  
  66  6:24  Drone, Extractor  
  66  6:25  Drone  
  69  6:32  Drone x4  
  72  6:52  Overlord  
  72  6:53  Roach  
  72  6:54  Roach x3, Overlord x2  
  80  6:55  Overlord  
  80  6:58  Overlord  
  80  7:05  Glial Reconstitution  
  80  7:11  Roach x3  
  80  7:13  Roach x3  
  80  7:14  Roach x3  
  100  7:15  Roach  
  100  7:18  Overseer  
  100  7:21  Roach  
  102  7:24  Roach  
  102  7:26  Drone x2  
  102  7:27  Drone x2  
  102  7:28  Drone x2, Extractor  
  102  7:29  Roach  
  111  7:30  Unknown  
  111  7:33  Roach  
  111  7:37  Roach  
  115  7:39  Roach  
  115  7:43  Roach x2  
  120  7:45  Overlord  
  120  7:46  Overlord  
  120  7:50  Overlord  
  120  7:51  Overlord  
  120  7:55  Zerg Missile Weapons Level 2  
  120  7:56  Overlord  
  120  7:59  Overlord x2  
  120  8:01  Overlord  
  120  8:05  Roach x2  
  124  8:09  Roach  
  124  8:10  Roach  
  124  8:12  Roach  
  130  8:13  Roach x2  
  130  8:16  Roach  
  130  8:17  Roach  
  130  8:19  Roach  
  140  8:22  Roach  
  140  8:24  Roach  
  140  8:25  Roach  
  146  8:28  Roach  
  146  8:29  Roach  
  146  8:31  Roach  
  154  8:34  Roach  
  154  8:35  Roach  
  154  8:36  Roach  
  158  8:42  Roach x2  
  158  8:43  Roach  
  158  8:45  Roach  
  158  8:48  Roach x2  
  170  8:50  Roach  
  170  8:52  Roach  
  170  8:53  Roach  
  170  8:55  Roach  
  178  8:59  Roach x2  
  178  9:01  Roach  
  178  9:02  Roach  
  181  9:06  Roach x2  
  181  9:08  Roach  
  166  9:11  Roach  
  166  9:14  Roach  
  144  9:19  Roach x2  
  144  9:20  Roach x2  
  144  9:22  Roach  
  144  9:23  Roach  
  142  9:26  Roach  
  142  9:29  Roach  
  140  9:32  Roach  
  140  9:33  Roach  
  138  9:38  Roach  
  138  9:43  Roach  
  138  9:44  Roach  
  132  9:49  Roach  
  132  9:52  Roach  
  126  9:55  Roach  
  120  10:00  Roach  
  120  10:03  Roach  
  120  10:06  Roach  
  120  10:11  Roach  
  120  10:13  Roach  
  118  10:16  Roach  
  118  10:18  Hatchery  
  111  10:21  Roach  
  111  10:26  Roach  
  115  10:28  Roach  
  115  10:31  Tunneling Claws, Burrow  
  115  10:32  Roach, Zerg Ground Armor Level 1  
  117  10:36  Roach x3  
  117  10:37  Roach x2  
  117  10:39  Roach x4  
  117  10:40  Roach  
  137  10:44  Roach  
  137  10:48  Roach  
  143  10:50  Roach  
  143  10:55  Roach  
  145  10:58  Roach  
  145  11:01  Roach  
  149  11:05  Roach  
  149  11:10  Roach x3  
  159  11:11  Roach x2  
  159  11:12  Roach x2  
  159  11:13  Roach  
  159  11:16  Roach x2  
  159  11:17  Roach  
  171  11:19  Roach  
  171  11:23  Roach  
  175  11:28  Overlord  
  175  11:29  Roach  
  175  11:30  Roach, Unknown  
  179  11:36  Roach x2  
  179  11:37  Roach x25, Overlord  
  183  11:40  Overlord  
  183  11:43  Overlord  
  183  11:47  Roach  
  183  11:48  Roach x3  
  191  11:54  Roach x16  
  191  11:55  Roach  
  183  12:01  Roach x2  
  183  12:02  Roach  
  183  12:03  Roach  
  183  12:04  Roach  
  183  12:06  Roach  
  179  12:08  Roach  
  179  12:09  Roach x3  
  179  12:11  Roach  
  179  12:12  Roach x3  
  179  12:15  Roach x7  
  177  12:16  Roach  
  177  12:18  Roach  
  177  12:19  Roach  
  177  12:20  Roach x2  
  173  12:23  Roach  
  173  12:26  Roach  
  173  12:27  Roach  
  171  12:31  Roach  
  171  12:33  Roach  
  171  12:34  Roach  
  171  12:35  Roach  
  171  12:36  Roach  
  183  12:37  Roach  
Show
View Real Time Build Order
Export as new Build Order

Scarlett Zerg 

Build Orders: Pool First, Zergling Baneling 

Get SALT Encoding   

  12  0:00  Drone  
  13  0:12  Overlord  
  13  0:17  Drone  
  14  0:30  Drone x2  
  17  0:35  Drone  
  17  0:45  Spawning Pool  
  17  0:47  Drone  
  17  0:49  Extractor  
  16  0:56  Drone  
  17  1:06  Drone  
  18  1:17  Hatchery  
  17  1:20  Drone  
  18  1:31  Queen  
  20  1:35  Zergling x2  
  21  1:42  Drone  
  22  1:49  Metabolic Boost  
  22  1:53  Overlord  
  22  2:11  Queen  
  22  2:13  Drone x2  
  26  2:22  Drone  
  27  2:33  Queen  
  27  2:34  Drone  
  27  2:35  Drone  
  30  2:39  Drone x2  
  30  2:42  Drone x2  
  34  2:55  Overlord  
  34  2:59  Baneling Nest  
  34  3:04  Zergling x2  
  34  3:07  Drone  
  35  3:13  Drone  
  35  3:14  Drone x2  
  39  3:20  Zergling x2, Hatchery  
  39  3:25  Zergling x4  
  40  3:28  Overlord  
  40  3:34  Drone, Zergling x2  
  42  3:43  Baneling x5  
  42  3:45  Queen  
  42  3:46  Zergling x2  
  42  3:48  Zergling x2  
  46  3:56  Zergling x6  
  48  4:07  Zergling x8  
  49  4:15  Zergling x6  
  50  4:19  Baneling  
  50  4:24  Overlord  
  50  4:27  Overlord  
  50  4:31  Queen  
  50  4:35  Queen  
  52  4:40  Baneling x2  
  52  4:41  Baneling x2  
  52  4:46  Drone x8  
  52  4:47  Baneling  
  57  4:53  Zergling x4  
  57  4:58  Baneling  
  51  5:03  Zergling x6  
  51  5:05  Queen, Zergling x2  
  56  5:12  Baneling x3  
  54  5:22  Drone x4  
  54  5:27  Evolution Chamber  
  57  5:28  Hatchery  
  57  5:32  Roach Warren  
  57  5:35  Baneling x3, Extractor  
  54  5:36  Zergling x2  
  54  5:37  Extractor  
  54  5:40  Drone  
  55  5:44  Drone x3  
  58  5:57  Overlord  
  58  5:59  Zerg Missile Weapons Level 1, Overlord  
  58  6:03  Overlord  
  58  6:04  Drone x3  
  58  6:06  Extractor  
  59  6:12  Drone, Lair  
  59  6:17  Roach x2  
  64  6:19  Roach  
  64  6:24  Roach  
  68  6:28  Roach  
  69  6:44  Roach x5  
  78  6:56  Drone  
  78  6:57  Drone x4  
  78  6:59  Overlord  
  83  7:04  Roach  
  83  7:05  Roach x3  
  91  7:11  Overseer  
  91  7:13  Glial Reconstitution  
  91  7:15  Overlord  
  93  7:25  Drone x7  
  100  7:43  Overlord  
  98  7:45  Drone x8  
  98  7:46  Extractor  
  98  7:48  Hydralisk Den  
  98  7:50  Extractor  
  101  7:54  Drone x2  
  101  7:55  Drone x4, Evolution Chamber  
  101  7:56  Overlord  
  101  7:57  Roach  
  106  8:05  Roach  
  108  8:06  Roach x4  
  108  8:11  Overlord  
  116  8:13  Zerg Missile Weapons Level 2  
  116  8:14  Overlord x2  
  116  8:19  Roach x3  
  122  8:21  Zerg Ground Armor Level 1  
  122  8:27  Roach  
  122  8:28  Roach x3  
  130  8:39  Roach  
  130  8:40  Roach x5  
  142  8:42  Ravager x4  
  142  8:47  Roach  
  142  8:48  Roach x3  
  154  8:50  Overlord  
  149  9:07  Roach x6  
  149  9:08  Roach  
  144  9:11  Hatchery  
  122  9:20  Roach x5  
  116  9:27  Roach  
  116  9:28  Roach x2  
  116  9:31  Roach x2  
  105  9:42  Roach x3  
  102  9:50  Roach x5  
  102  9:52  Roach  
  106  9:54  Roach  
  106  9:58  Roach x2  
  100  10:03  Roach  
  99  10:10  Roach x3  
  99  10:11  Roach  
  96  10:14  Roach x2  
  96  10:21  Drone x3  
  93  10:28  Drone  
  93  10:29  Drone x2  
  93  10:34  Roach x4  
  104  10:37  Ravager x2  
  104  10:38  Ravager  
  104  10:39  Roach  
  111  10:43  Roach  
  111  10:45  Roach x2  
  111  10:48  Roach  
  117  10:56  Roach  
  125  10:57  Roach x3  
  125  11:01  Overseer  
  125  11:04  Roach  
  125  11:05  Roach, Queen  
  125  11:09  Roach x2  
  133  11:16  Roach x2  
  137  11:21  Roach x2  
  137  11:22  Queen  
  143  11:28  Roach  
  143  11:29  Roach x3  
  151  11:36  Roach  
  151  11:37  Overlord  
  151  11:38  Overlord  
  153  11:41  Roach  
  153  11:49  Roach x3  
  159  11:55  Roach  
  159  11:56  Lurker Den  
  152  12:03  Roach x4  
  126  12:19  Roach x4  
  105  12:23  Roach x6  
  105  12:26  Roach  
  104  12:34  Roach x3  

Tags
 
Add a new tag
Caveats
  • Supply blocks, unpowered buildings, or Contaminate may cause inaccurate times.
  • Supply counts are checked every 10 seconds.